 Dungeon Crawl Stone Soup version 0.15.0-14-g6bbbb5c (console) character file.

820 gw the Chopper (level 7, -4/66 HPs)
             Began as a Deep Dwarf Fighter on Sept 5, 2014.
             Was an Initiate of Makhleb.
             Slain by a yak (6 damage)
             ... on Level 5 of the Dungeon.
             The game lasted 00:06:38 (4852 turns).

gw the Chopper (Deep Dwarf Fighter)                 Turns: 4852, Time: 00:06:38

HP  -4/66        AC 13     Str 17      XL: 7   Next: 63%
MP   5/5         EV  5     Int  8 (9)  God: Makhleb [......]
Gold 0           SH  0     Dex 12 (14) Spells:  0 memorised,  6 levels left

rFire  . . .     SeeInvis .     a - +2 war axe
rCold  . . .     Clarity  .     g - +0 plate armour
rNeg   . . .     rCorr    .     (no shield)
rPois  .         rRot     .     (no helmet)
rElec  .         Spirit   .     m - +0 cloak
SustAb .         Warding  .     (no gloves)
rMut   .         Stasis   .     (no boots)
Gourm  .                        (no amulet)
MR     +....                    (no ring)
                                k - cursed -2 ring of strength

@: non-regenerating, somewhat resistant to hostile enchantments, extremely
unstealthy
A: damage resistance, recharge devices, sense surroundings 1, slow healing 3
a: Device Recharging, Renounce Religion


You were on level 5 of the Dungeon.
You worshipped Makhleb.
Makhleb was noncommittal.
You were very hungry.

You visited 2 branches of the dungeon, and saw 7 of its levels.

Inventory:

Hand weapons
 a - a +2 war axe (weapon)
Missiles
 i - 179 stones (quivered)
Armour
 g - a +0 plate armour (worn)
 m - a +0 cloak (worn)
Magical devices
 b - a wand of disintegration (7)
 d - a wand of heal wounds (2)
Comestibles
 f - 6 bread rations
 n - 3 meat rations
 o - a beef jerky
Scrolls
 e - a scroll of remove curse
 h - 4 scrolls of identify
 j - 3 scrolls of fog
Jewellery
 k - a cursed -2 ring of strength (left hand)
Potions
 c - a potion of cure mutation


   Skills:
 + Level 4.4 Fighting
 * Level 6.4 Axes
 + Level 2.9 Throwing
 + Level 5.4 Armour
   Level 3.2 Shields
 + Level 0.0 Invocations


You had 6 spell levels left.
You didn't know any spells.

Dungeon Overview and Level Annotations

Branches:
Dungeon (6/15)             Temple (1/1) D:5

Altars:
Ashenzari
Cheibriados
Dithmenos
Elyvilon
Fedhas
Kikubaaqudgha
Makhleb
Nemelex Xobeh
Okawaru
Sif Muna
Trog
Xom
Yredelemnul
Zin
The Shining One

Annotations:
D:1 Prince Ribbit
D:2 exclusion: downstairs
D:3 exclusion: 2 downstairs
D:5 exclusion: downstairs


Innate Abilities, Weirdness & Mutations

You are resistant to damage.
You can recharge devices by infusing magical energy.
You passively map a small area around you.
You do not heal naturally.


Message History

MOVING TO (0,3) MOVING TO (0,2) MOVING TO (0,1) MOVING TO (1,-8)
The yak gores you!
MOVING TO (2,-7)
The yak gores you!
There is a staircase to the Ecumenical Temple here.
MOVING TO (2,-6) MOVING TO (2,-5) MOVING TO (2,-4) MOVING TO (2,-3)
There is a fountain of clear blue water here.
MOVING TO (1,-2) MOVING TO (1,-1) MOVING TO (-1,8)
The yak gores you.
MOVING TO (-1,7)
The yak gores you!
You die...

#...####.#####........#
##<..###..# #.(......#
##....##..## #........#
#...#..#.#########.....##
..#.##.#.# #8...8#...###
.........# #.....#...#
.##.##..####./>..#Y..##
..#.#......#.....#....###
#.#(..#.####.}.Yg#......#
#.....#....#.....#......#
#...#.######.}.}.#.)..###
..#.#.# ###.....#...##
###.#.## #.#..>..#...#
..#.#..###!#.....#...##
#.#.##.....#8...8#....#
....#################.#
#...#### #.........#..#


You could see a yak.

Table legend:
 A = Turns spent in this place as a percentage of turns spent in the entire game.
 B = Non-inter-level travel turns spent in this place as a percentage of non-inter-level travel turns spent in the entire game.
 C = Inter-level travel turns spent in this place as a percentage of turns spent in this place.
 D = Turns resting spent in this place as a percentage of non-inter-level travel turns spent in this place.
 E = Turns spent auto-exploring this place as a percentage of non-inter-level travel turns spent in this place.
 F = Non-inter-level travel turns spent in this place divided by the number of levels of this place that you've seen.
                   A       B       C       D       E      F
               +-------+-------+-------+-------+-------+----------------------
         Total | 100.0 | 100.0 |   2.0 |   0.2 |   9.6 | 398.6
       Dungeon |  99.0 |  99.0 |   2.0 |   0.2 |   9.4 | 460.3
        Temple |   1.0 |   1.0 |   3.4 |   0.0 |  35.7 |  28.0
               +-------+-------+-------+-------+-------+----------------------

Table legend:
 A = Kills in this place as a percentage of kills in entire the game.
 B = Kills by you in this place as a percentage of kills by you in the entire game.
 C = Kills by friends in this place as a percentage of kills by friends in the entire game.
 D = Other kills in this place as a percentage of other kills in the entire game.
 E = Experience gained in this place as a percentage of experience gained in the entire game.
 F = Experience gained in this place divided by the number of levels of this place that you have seen.
                   A       B       C       D       E      F
               +-------+-------+-------+-------+-------+----------------------
         Total | 100.0 | 100.0 |  -nan |  -nan | 100.0 | 167.4
       Dungeon | 100.0 | 100.0 |  -nan |  -nan | 100.0 | 195.3
               +-------+-------+-------+-------+-------+----------------------

Vanquished Creatures
  Eustachio (D:5)
  A sky beast (D:5)
  An ice beast (D:5)
  A yak zombie (D:6)
  A centaur skeleton (D:5)
  2 orc priests (D:4)
  An orc wizard (D:4)
  A hound (D:5)
  Natasha (thrice) (D:5)
  A worker ant (D:4)
  An ogre zombie (D:5)
  A big kobold zombie (D:5)
  Ijyb (D:2)
  A big kobold skeleton (D:5)
  Terence (D:2)
  7 adders
  3 shadow imps (D:5)
  2 ufetubi (D:5)
  3 worms
  An adder skeleton (D:4)
  3 giant geckos
  An ooze (D:3)
  10 orcs
  3 giant cockroaches
  9 hobgoblins
  7 jackals
  3 quokkas (D:5)
  2 ball pythons
  19 bats
  A giant cockroach zombie (D:5)
  3 giant newts
  6 goblins
  15 kobolds
  10 rats
  A rat zombie (D:5)
127 creatures vanquished.

Notes
Turn   | Place    | Note
--------------------------------------------------------------
     0 | D:1      | gw, the Deep Dwarf Fighter, began the quest for the Orb.
     0 | D:1      | Reached XP level 1. HP: 20/20 MP: 1/1
   320 | D:1      | Reached XP level 2. HP: 25/27 MP: 2/2
   868 | D:2      | Reached XP level 3. HP: 22/33 MP: 3/3
   913 | D:2      | Noticed Ijyb
   926 | D:2      | Killed Ijyb
   926 | D:2      | Reached skill level 1 in Throwing
   943 | D:2      | Noticed Terence
   953 | D:2      | Killed Terence
  1069 | D:2      | Reached skill level 4 in Armour
  1069 | D:2      | Reached XP level 4. HP: 25/42 MP: 4/4
  1328 | D:2      | Found a shadowy altar of Dithmenos.
  1328 | D:2      | Found a blossoming altar of Fedhas.
  1343 | D:2      | Found a shimmering altar of Xom.
  1827 | D:3      | Reached XP level 5. HP: 26/49 MP: 5/5
  2572 | D:4      | Noticed Prince Ribbit
  3127 | D:1      | Reached XP level 6. HP: 27/56 MP: 6/6
  3509 | D:5      | Entered Level 5 of the Dungeon
  3509 | D:5      | Noticed Eustachio
  3554 | D:5      | Killed Eustachio
  3554 | D:5      | Reached skill level 5 in Axes
  3800 | D:5      | Reached skill level 5 in Armour
  3846 | D:5      | Reached XP level 7. HP: 43/64 MP: 6/6
  3851 | D:5      | Reached skill level 6 in Axes
  3880 | D:5      | Noticed Natasha
  3904 | D:5      | Killed Natasha
  3963 | D:5      | Noticed Natasha
  3971 | D:5      | Killed Natasha
  4220 | D:5      | Noticed Natasha
  4222 | D:5      | Found a staircase to the Ecumenical Temple.
  4387 | D:5      | Killed Natasha
  4395 | Temple   | Entered the Ecumenical Temple
  4446 | Temple   | Became a worshipper of Makhleb the Destroyer
  4585 | D:6      | Noticed a yak
  4587 | D:6      | Noticed a yak
  4851 | D:5      | HP: 2/66 [yak (3)]
  4852 | D:5      | Slain by a yak

Action                   |  1- 3 |  4- 6 |  7- 9 || total
-------------------------+-------+-------+-------++-------
Melee: War axe           |    76 |   239 |    44 ||   359
Throw: Stone             |    58 |   119 |    12 ||   189
       Tomahawk          |       |    20 |     2 ||    22
 Abil: Device Recharging |       |     1 |     1 ||     2
Evoke: Wand              |       |     9 |     5 ||    14
  Use: Potion            |     6 |     3 |     2 ||    11
       Scroll            |     4 |     7 |     3 ||    14
  Eat: Chunk             |     1 |     9 |     2 ||    12

Vault maps used:
D:1:      nicolae_arrival_somewhat_less_tricky_arrival
D:2:      minitemple, uniq_iyjb, uniq_terence
D:3:      first_bread
D:4:      uniq_prince_ribbit1
D:5:      minmay_temple_entry_from_below_b, uniq_natasha, uniq_eustachio
D:6:      lemuel_coloured_pillars_altar
Temple:   circular_temple_12
